 Dungeon Sprint DCSS version 0.29-a0-284-gf9362112df (webtiles) character file.

Game seed: 10208316832852567771

12489 boopmooplesden the Severer (level 11, -27/121 HPs)
             Began as a Minotaur Berserker on Mar 15, 2022.
             Was the Champion of Trog.
             Killed by an exploding ball lightning (32 damage)
             ... in the Dungeon (Sprint I: "Red Sonja").
             The game lasted 00:08:28 (2416 turns).

boopmooplesden the Severer (Minotaur Berserker)     Turns: 2416, Time: 00:08:28

Health: -27/121    AC: 21    Str: 26    XL:     11   Next: 63%
Magic:  1/10       EV:  8    Int:  4    God:    Trog [******]
Gold:   788        SH: 18    Dex: 12    Spells: 10/10 levels left

rFire   + . .      SeeInvis .   m - +9 hand axe of Gaumnatt {flame, rPois rF+ rC+ Will+}
rCold   + + .      Faith    .   n - +2 tower shield
rNeg    + . .      Spirit   .   r - +1 plate armour {rC+}
rPois   +          Reflect  .   (helmet restricted)
rElec   .          Harm     .   q - scarf {shadows}
rCorr   .          Rampage  .   (no gloves)
Will    +....      NoTele   +   u - +1 pair of boots {Stlth+}
Stlth   ..........              (no amulet)
HPRegen 0.30/turn               p - ring "Nuihe" {rN+ Str+2}
MPRegen 0.12/turn               t - ring of flight

@: on berserk cooldown, flying, hasted and slowed
A: horns 2, retaliatory headbutt
a: Renounce Religion, Berserk, Trog's Hand, Brothers in Arms


You were in the Dungeon.
You worshipped Trog.
Trog was exalted by your worship.
You visited 1 branch You collected 2605 gold pieces.
You spent 1817 gold pieces at shops.

Inventory:

Hand Weapons
 a - a +0 hand axe
 j - the +6 demon trident "Idaic" {flame, rC+}
   (Trog gifted it to you in the Dungeon)

   It burns those it strikes, dealing additional fire damage.
   rC:        It protects you from cold.
 k - a +3 war axe of flaming
 m - the +9 hand axe of Gaumnatt (weapon) {flame, rPois rF+ rC+ Will+}
   (You found it in the Dungeon)

   It burns those it strikes, dealing additional fire damage.
   Big, fiery blades are also staple armaments of hydra-hunters.
   rF:        It protects you from fire.
   rC:        It protects you from cold.
   rPois:     It protects you from poison.
   Will:      It increases your willpower.
 v - a +3 antimagic executioner's axe
Armour
 n - a +2 tower shield (worn)
 q - a scarf of shadows (worn)
 r - a +1 plate armour of cold resistance (worn)
 u - a +1 pair of boots of stealth (worn)
 w - a +1 kite shield of protection
Jewellery
 p - the ring "Nuihe" (left hand) {rN+ Str+2}
   (You found it in the Dungeon)

   [ring of positive energy]

   Str:       It affects your strength (+2).
   rN:        It protects you from negative energy.
 s - a ring of protection from cold
 t - a ring of flight (right hand)
Wands
 i - a wand of flame (20)
Scrolls
 h - a scroll of blinking
 l - a scroll of vulnerability
 o - 2 scrolls of identify
Potions
 b - a potion of lignification {unknown}
 c - 3 potions of curing
 d - a potion of heal wounds
 f - 3 potions of magic
 g - a potion of berserk rage


   Skills:
 + Level 18.8 Fighting
 + Level 19.5 Axes
 + Level 17.0 Armour
 + Level 9.2 Dodging
 + Level 2.3 Stealth
 + Level 11.1 Shields


You had 10 spell levels left.
You didn't know any spells.
Your spell library was empty.

Dungeon Overview and Level Annotations

Branches:
Dungeon (1/1)

Altars:
Cheibriados
Dithmenos
Elyvilon
Fedhas
Gozag
Hepliaklqana
Kikubaaqudgha
Makhleb
Nemelex Xobeh
Okawaru
Qazlal
Ru
Sif Muna
Trog
Uskayaw
Vehumet
Wu Jian
Xom
Yredelemnul
Zin
The Shining One
Jiyva
Lugonu

Shops:
D [?=*(=*:*:![*(=[[

Annotations:
D Lom Lobon


Innate Abilities, Weirdness & Mutations

You have a pair of horns on your head.
You reflexively headbutt those who attack you in melee.


Message History

3 ball lightnings come into view.
You slash Lom Lobon! You burn Lom Lobon. Your headbutt misses Lom Lobon.
Lom Lobon is moderately wounded.
You hit the ball lightning. You closely miss the ball lightning.
The ball lightning explodes!
The blast of lightning engulfs Lom Lobon.
Lom Lobon completely resists.
The blast of lightning engulfs the ball lightning.
The ball lightning completely resists.
The blast of lightning engulfs you.
The blast of lightning engulfs the ball lightning.
The ball lightning completely resists.
The blast of lightning engulfs the ball lightning.
The ball lightning completely resists.
The ball lightning explodes!
The blast of lightning engulfs you!!
The blast of lightning engulfs the ball lightning.
The ball lightning completely resists.
The blast of lightning engulfs Lom Lobon.
Lom Lobon completely resists.
The blast of lightning engulfs the ball lightning.
The ball lightning completely resists.
The ball lightning explodes!
The blast of lightning engulfs Lom Lobon.
Lom Lobon completely resists.
The blast of lightning engulfs you!!
* * * LOW HITPOINT WARNING * * *
The blast of lightning engulfs the ball lightning.
The ball lightning completely resists.
Lom Lobon gestures.
The ball lightning moves out of view. 3 ball lightnings come into view.
You slash Lom Lobon! You burn Lom Lobon.
Lom Lobon is moderately wounded.
You hit the ball lightning. You closely miss the ball lightning.
You hit the ball lightning.
The ball lightning explodes!
The blast of lightning engulfs the ball lightning.
The ball lightning completely resists.
The blast of lightning engulfs Lom Lobon.
Lom Lobon completely resists.
The blast of lightning engulfs you!!
You die...

#######################
§§..†§§.§.§'§§#.§§....#
§####§.§§§##..)**#.§§.##
§# ##§§§#######@#..)§.#
§# ###+# #*&#.§§§.# ##
#§§##.§§.# #).*###'##
#..≈..#[# ° #..≈.##+# .#
#..≈## ###..≈# #.≈§.##


You could see Lom Lobon and 3 ball lightnings.

Vanquished Creatures
  A deep elf annihilator (D)
  A mummy priest (D)
  A hydra (D)
  2 centaur warriors (D)
  Sonja (D)
  A lindwurm (D)
  A deep troll (D)
  2 oklob plants (D)
  A merfolk siren (D)
  A gargoyle (D)
  2 unseen horrors (D)
  2 kobold demonologists (D)
  4 demonic crawlers (D)
  A hellwing (D)
  5 hornets (D)
  A slime creature (D)
  Sigmund (D)
  A yak (D)
  13 hogs (D)
  2 redbacks (D)
  3 floating eyes (D)
  An ogre (D)
  7 necrophages (D)
  8 jellies (D)
  Ijyb (D)
64 creatures vanquished.

Vanquished Creatures (others)
  A merfolk siren (D)
  A gargoyle (D)
  5 ball lightnings (D)
  2 ballistomycete spores (D)
9 creatures vanquished.

Grand Total: 73 creatures vanquished

Notes
Turn   | Place    | Note
-------+----------+-------------------------------------------
     0 | D        | boopmooplesden the Minotaur Berserker began the quest for
                  | the Orb.
     0 | D        | Reached XP level 1. HP: 19/19 MP: 0/0
     1 | D        | Noticed Ijyb
    10 | D        | Killed Ijyb
    11 | D        | Reached skill level 5 in Fighting
    11 | D        | Reached skill level 5 in Axes
    11 | D        | Reached XP level 2. HP: 30/30 MP: 1/1
    59 | D        | Noticed an ogre
    62 | D        | Killed an ogre
    63 | D        | Reached skill level 7 in Axes
    63 | D        | Reached XP level 3. HP: 22/39 MP: 2/2
    63 | D        | Reached XP level 4. HP: 27/47 MP: 3/3
    73 | D        | Killed a gargoyle
   348 | D        | Noticed Sigmund
   356 | D        | Killed Sigmund
   356 | D        | Reached ** piety under Trog
   357 | D        | Reached skill level 9 in Axes
   357 | D        | Reached skill level 5 in Dodging
   357 | D        | Reached XP level 5. HP: 40/58 MP: 4/4
   357 | D        | Reached XP level 6. HP: 46/66 MP: 5/5
   386 | D        | Found a burning altar of Makhleb.
   386 | D        | Found a viscous altar of Jiyva.
   386 | D        | Found a shimmering altar of Xom.
   386 | D        | Found a corrupted altar of Lugonu.
   386 | D        | Noticed a slime creature
   396 | D        | Killed a slime creature
   397 | D        | Reached skill level 10 in Axes
   631 | D        | Noticed a kobold demonologist
   633 | D        | Noticed a floating eye
   633 | D        | Noticed a kobold demonologist
   640 | D        | Killed a kobold demonologist
   641 | D        | Reached skill level 12 in Axes
   641 | D        | Reached skill level 1 in Stealth
   641 | D        | Reached XP level 7. HP: 77/77 MP: 6/6
   641 | D        | Paralysed by a floating eye for 4 turns
   645 | D        | Noticed a hellwing
   647 | D        | Killed a kobold demonologist
   647 | D        | Reached *** piety under Trog
   648 | D        | Reached skill level 13 in Axes
   648 | D        | Reached XP level 8. HP: 86/86 MP: 7/7
   658 | D        | Found an ornate altar of the Wu Jian Council.
   658 | D        | Found a shimmering blue altar of Sif Muna.
   660 | D        | Found a radiant altar of Vehumet.
   695 | D        | Found Rezatham's Magic Scroll Emporium.
   695 | D        | Found an ancient bone altar of Kikubaaqudgha.
   695 | D        | Found a hazy altar of Hepliaklqana.
   695 | D        | Found a stormy altar of Qazlal.
   695 | D        | Found a hide-covered altar of Uskayaw.
   695 | D        | Found a blossoming altar of Fedhas.
   695 | D        | Found a bloodstained altar of Trog.
   695 | D        | Found an iron altar of Okawaru.
   695 | D        | Found a basalt altar of Yredelemnul.
   695 | D        | Found a glowing golden altar of the Shining One.
   695 | D        | Found a snail-covered altar of Cheibriados.
   695 | D        | Found a sacrificial altar of Ru.
   695 | D        | Found a glowing silver altar of Zin.
   695 | D        | Found a shadowy altar of Dithmenos.
   695 | D        | Found a white marble altar of Elyvilon.
   701 | D        | Reached **** piety under Trog
   702 | D        | Found an opulent altar of Gozag.
   703 | D        | Found a sparkling altar of Nemelex Xobeh.
   715 | D        | Noticed a centaur warrior
   716 | D        | Noticed a centaur warrior
   724 | D        | Killed a centaur warrior
   724 | D        | Killed a centaur warrior
   725 | D        | Reached skill level 15 in Axes
   725 | D        | Reached XP level 9. HP: 96/96 MP: 8/8
   784 | D        | Identified the +9 hand axe of Gaumnatt {flame, rPois rF+
                  | rC+ Will+}
   792 | D        | Noticed a deep troll
   797 | D        | Killed a deep troll
   798 | D        | Reached skill level 15 in Fighting
   798 | D        | Reached skill level 16 in Axes
   803 | D        | Found Remov's Armour Emporium.
   818 | D        | Bought a +2 tower shield for 231 gold pieces
   855 | D        | Noticed Sonja
   863 | D        | Killed Sonja
   912 | D        | Found Bequtevo's Armour Boutique.
   955 | D        | Reached skill level 17 in Axes
   966 | D        | Noticed an oklob plant
   973 | D        | Killed an oklob plant
   974 | D        | Reached XP level 10. HP: 107/107 MP: 9/9
  1077 | D        | Reached ***** piety under Trog
  1078 | D        | Reached skill level 1 in Shields
  1123 | D        | Reached skill level 18 in Axes
  1264 | D        | Received a gift from Trog
  1285 | D        | Received a gift from Trog
  1297 | D        | Identified the ring "Nuihe" {rN+ Str+2}
  1302 | D        | Identified the +2 helmet "Zim Kyix" {rElec Str-5 Int-5
                  | SInv}
  1312 | D        | Found Kiniebe's Assorted Antiques.
  1312 | D        | Found Ujaorosyod's Jewellery Shop.
  1312 | D        | Found Pehu Qeixi's Antique Weapon Boutique.
  1314 | D        | Found Laleczavu's Jewellery Emporium.
  1314 | D        | Found Woof's General Store.
  1314 | D        | Found Uboigy's Book Shoppe.
  1314 | D        | Found Omnuta's Assorted Antiques.
  1314 | D        | Found Lofefry's Book Emporium.
  1314 | D        | Found Awosm's Distillery.
  1314 | D        | Found Doic Lia's Antique Armour Shoppe.
  1319 | D        | Found Avigout's Assorted Antiques.
  1320 | D        | Found Neazud's Jewellery Emporium.
  1320 | D        | Found Arytrag's Weapon Boutique.
  1323 | D        | Found Ywo Asu's Armour Emporium.
  1329 | D        | Bought an embroidered scarf for 176 gold pieces
  1329 | D        | Bought a scroll labelled ZOOTIN VONOHAH for 22 gold pieces
  1329 | D        | Bought a scroll labelled XYEHAI JEOXI for 22 gold pieces
  1345 | D        | Bought a runed plate armour for 650 gold pieces
  1358 | D        | Bought a ring of protection from cold for 275 gold pieces
  1361 | D        | Bought a ring of flight for 245 gold pieces
  1362 | D        | Bought a scroll of identify for 24 gold pieces
  1364 | D        | Bought a pair of runed boots for 172 gold pieces
  1431 | D        | Noticed a gargoyle
  1438 | D        | Reached ****** piety under Trog
  1443 | D        | Received a gift from Trog
  1448 | D        | Killed a gargoyle
  1690 | D        | Noticed a lindwurm
  1698 | D        | Killed a lindwurm
  1699 | D        | Reached skill level 15 in Armour
  1699 | D        | Reached skill level 5 in Shields
  1726 | D        | Reached XP level 11. HP: 105/118 MP: 10/10
  1743 | D        | Identified the +6 demon trident "Idaic" {flame, rC+} (Trog
                  | gifted it to you in the Dungeon)
  1743 | D        | Received a gift from Trog
  1765 | D        | Noticed a 12-headed hydra
  1770 | D        | Killed a nine-headed hydra
  1771 | D        | Reached skill level 19 in Axes
  2136 | D        | Noticed a deep elf annihilator
  2145 | D        | Received a gift from Trog
  2290 | D        | Killed a deep elf annihilator
  2290 | D        | Received a gift from Trog
  2317 | D        | Noticed a mummy priest
  2327 | D        | Reached skill level 10 in Shields
  2343 | D        | Noticed an oklob plant
  2351 | D        | Killed an oklob plant
  2353 | D        | Killed a mummy priest
  2379 | D        | Noticed Lom Lobon
  2415 | D        | HP: 5/121 [spore (33)]
  2416 | D        | Killed by an exploding ball lightning

Illustrated notes

Levels and vault maps discovered:
D:        dungeon_sprint_1 [red_sonja_temple_1, red_sonja_temple_small_1]

Skill      XL: |  1  2  3  4  5  6  7  8  9 10 11 |
---------------+----------------------------------+-----
Fighting       | 5 7 9 12 13 14 16 17 18 | 18.8
Axes           | 5 7 9 12 13 15 17 18 19 | 19.5
Armour         | 3 4 6 8 9 11 12 15 17 | 17.0
Dodging        | 3 4 5 6 7 8 9 |  9.2
Stealth        | 1 2 |  2.3
Shields        | 6 11 | 11.1

Action                   |  1- 3 |  4- 6 |  7- 9 | 10-12 || total
-------------------------+-------+-------+-------+-------++-------
Melee: Hand axe          |    10 |    21 |    23 |   155 ||   209
       Headbutt          |     3 |     2 |     5 |    33 ||    43
       War axe           |       |       |     9 |       ||     9
       Punch             |       |       |     1 |       ||     1
Invok: Berserk           |     2 |     3 |     4 |     7 ||    16
  Use: Scroll            |       |       |     1 |     2 ||     3
       Potion            |       |       |       |     1 ||     1
Armor: Chain mail        |       |     6 |    28 |    19 ||    53
       Plate armour      |       |       |       |    64 ||    64
Dodge: Dodged            |     3 |     5 |     8 |    29 ||    45
Block: Tower shield      |       |       |    11 |   109 ||   120

Table legend: (Time is in decaauts)
 A = Elapsed time spent in this place.
 B = Non-inter-level travel time spent in this place.
 C = Inter-level travel time spent in this place.
 D = Time resting spent in this place.
 E = Time spent auto-exploring this place.
 F = Levels seen in this place.
 G = Mean time per level.
                   A        B        C        D        E       F      G
               +--------+--------+--------+--------+--------+-----+--------+
         Total |   2546 |   2546 |      0 |   1578 |      0 |   1 | 2546.0 |
       Dungeon |   2546 |   2546 |      0 |   1578 |      0 |   1 | 2546.0 |
               +--------+--------+--------+--------+--------+-----+--------+

Top non-repeatable levels by time:
       D: 2546 daAuts
